 Dungeon Crawl Stone Soup version 0.29.0-13-gc9e81de378 (webtiles) character file.

Game seed: 7858789442423162052

53 gelatine the Covered (level 3, -3/33 HPs)
             Began as a Minotaur Fighter on Sept 9, 2022.
             Was a Follower of Uskayaw.
             Slain by Ijyb
             ... wielding a +5 club
              (7 damage)
             ... on level 3 of the Dungeon.
             The game lasted 00:03:44 (1639 turns).

gelatine the Covered (Minotaur Fighter)             Turns: 1639, Time: 00:03:45

Health: -3/33      AC:  8    Str: 22    XL:     3   Next: 64%
Magic:  2/2        EV:  9    Int:  5    God:    Uskayaw [*.....]
Gold:   34         SH:  4    Dex:  9    Spells: 2/2 levels left

rFire   . . .      SeeInvis .   a - +0 war axe
rCold   . . .      Faith    .   c - +0 buckler
rNeg    . . .      Spirit   .   b - +0 scale mail
rPois   .          Reflect  .   (helmet restricted)
rElec   .          Harm     .   (no cloak)
rCorr   .          Rampage  .   o - +0 pair of gloves
Will    .....                   (no boots)
Stlth   ..........              (no amulet)
HPRegen 0.11/turn               (no ring)
MPRegen 0.08/turn               (no ring)

@: no status effects
A: horns 2, retaliatory headbutt
a: Renounce Religion, Stomp


You were on level 3 of the Dungeon.
You worshipped Uskayaw.
Uskayaw was noncommittal.
You visited 1 branch of the dungeon, and saw 3 of its levels.

You collected 117 gold pieces.
You spent 83 gold pieces at shops.

Inventory:

Hand Weapons
 a - a +0 war axe (weapon)
Armour
 b - a +0 scale mail (worn)
 c - a +0 buckler (worn)
 o - a +0 pair of gloves (worn)
Wands
 j - a wand of light (11)
 l - a wand of flame (16)
Scrolls
 e - a scroll of fog {unknown}
 i - 2 scrolls of teleportation
 k - 2 scrolls of vulnerability {unknown}
Potions
 d - a potion of might
 f - a potion of brilliance {unknown}
 g - 3 potions of heal wounds {unknown}
 h - a potion of magic {unknown}
 m - a potion of cancellation {unknown}
 n - a potion of attraction {unknown}


   Skills:
 + Level 4.2 Fighting
 + Level 3.2 Axes
 + Level 4.3 Armour
 + Level 4.0 Shields


You had 2 spell levels left.
You didn't know any spells.
Your spell library contained the following spells:

 Spells                   Type           Power      Damage    Failure   Level
 Sandblast                Erth           0%         2d4       87%         1
 Summon Small Mammal      Summ           0%         N/A       87%         1
 Passwall                 Tmut/Erth      0%         N/A       95%         2
 Call Canine Familiar     Summ           0%         N/A       99%         3
 Stone Arrow              Conj/Erth      0%         3d7       99%         3
 Summon Guardian Golem    Hex/Summ       0%         N/A       99%         3


Dungeon Overview and Level Annotations

Branches:
Dungeon (3/15)

Altars:
Uskayaw

Shops:
D:1 :*[   D:2 [

Annotations:
D:3 Ijyb


Innate Abilities, Weirdness & Mutations

You have a pair of horns on your head.
You reflexively headbutt those who attack you in melee.


Message History

Found a spear.
You now have 34 gold pieces (gained 11).
You open the door.
There is an open door here.
Found a stone.
Found a stone staircase leading up.
As you open the door, it creaks loudly!
There is an open door here.
As you open the door, it creaks loudly!
There is an open door here.
Ijyb the Twisted Goblin comes into view.
She is wielding a +5 club and carrying a wand of iceblast (14).
You block Ijyb's attack.
You closely miss Ijyb. You headbutt Ijyb, but do no damage.
Ijyb hits you with a +5 club. x2
You closely miss Ijyb. You headbutt Ijyb.
Ijyb is lightly wounded.
Ijyb hits you with a +5 club.
You hit Ijyb but do no damage. Your headbutt misses Ijyb.
Ijyb is lightly wounded.
Ijyb screams, "No!
No, no, no, no!"
Ijyb hits you with a +5 club. x2
You closely miss Ijyb. Your headbutt misses Ijyb.
Ijyb is lightly wounded.
Ijyb hits you but does no damage.
You barely miss Ijyb.
Ijyb is lightly wounded.
Ijyb closely misses you. You furiously retaliate!
You headbutt Ijyb, but do no damage. You barely miss Ijyb.
Ijyb is lightly wounded.
Ijyb hits you with a +5 club. Ijyb hits you but does no damage.
You hit Ijyb. Your headbutt misses Ijyb.
Ijyb is moderately wounded.
Ijyb screams, "I dance on your bones!" Ijyb hits you with a +5 club.
* * * LOW HITPOINT WARNING * * *
You closely miss Ijyb. Your headbutt misses Ijyb.
Ijyb is moderately wounded.
Ijyb hits you with a +5 club!
You die...

### #.. #.# ####### #.#
#.....# #.# ##
#.###.###.# ..
#.#.......#
#.#.#.########.#########
......g@.......#
#.#.#......#####
#.####.# #. ...+ # #####


You could see Ijyb.

Vanquished Creatures
  An adder (D:2)
  3 dart slugs
  3 orcs (D:2)
  5 ball pythons
  2 endoplasms
  A giant cockroach (D:1)
  2 goblins
  5 hobgoblins
  2 jackals (D:2)
  2 bats
  5 kobolds
  2 rats (D:1)
33 creatures vanquished.

Notes
Turn   | Place    | Note
-------+----------+-------------------------------------------
     0 | D:1      | gelatine the Minotaur Fighter began the quest for the Orb.
     0 | D:1      | Reached XP level 1. HP: 19/19 MP: 0/0
   165 | D:1      | Found Towkuf's General Store.
   283 | D:1      | Found Rummut's Armour Emporium.
   322 | D:1      | Reached XP level 2. HP: 27/27 MP: 1/1
   596 | D:1      | Found Itaowuv's Book Emporium.
   905 | D:1      | Bought a scroll of identify for 20 gold pieces
   976 | D:2      | Found a faded altar of an unknown god.
   985 | D:2      | Prayed at the altar of an unknown god.
   985 | D:2      | Became a worshipper of Uskayaw the Reveller
   985 | D:2      | Reached * piety under Uskayaw
  1058 | D:2      | Reached ** piety under Uskayaw
  1082 | D:2      | Reached XP level 3. HP: 33/33 MP: 2/2
  1090 | D:2      | Reached *** piety under Uskayaw
  1365 | D:2      | Found Bod Kiev's Armour Shoppe.
  1375 | D:2      | Bought a +0 pair of gloves for 63 gold pieces
  1628 | D:3      | Noticed Ijyb
  1639 | D:3      | Slain by Ijyb

Illustrated notes

Levels and vault maps discovered:
D:1:      sevenhm_arrival_forest_fort_small_3, layout_basic, serial_shops,
          nicolae_shop_hallway_stairs, nicolae_shop_hallway_plus,
          nicolae_diamond_shop
D:2:      layout_rooms, serial_shops, nicolae_lakefront_shop,
          shapermc_ecumenical_altar_notcrosses
D:3:      layout_basic, goddamned_bats, uniq_natasha, uniq_ijyb

Skill      XL: |  1  2  3 |
---------------+----------+-----
Fighting       | 4 |  4.2
Axes           | 3 |  3.2
Shields        | 4 |  4.0
Armour         | 4 |  4.3

Action                   || total
-------------------------++-------
Melee: War axe           ||    69
       Headbutt          ||     4
  Use: Scroll            ||     1
Armor: Scale mail        ||    26
Dodge: Dodged            ||    47
Block: Buckler           ||    14
